 Dungeon Sprint DCSS version 0.17-a0-1769-g54adf96 (webtiles) character file.

63574 Kidiri the Imperceptible (level 14, 0/63 HPs)
             Began as a Spriggan Enchanter on Sept 7, 2015.
             Was the Champion of Dithmenos.
             Shot with a bolt by a yaktaur captain (21 damage)
             ... in the Dungeon (Sprint III: "The Ten Rune Challenge").
             The game lasted 00:39:43 (6697 turns).

Kidiri the Imperceptible (Spriggan Enchanter)       Turns: 6697, Time: 00:39:43

Health: 0/63       AC:  5    Str:  2    XL:     14   Next: 20%
Magic:  36/38      EV: 37    Int: 24    God:    Dithmenos [******]
Gold:   4972       SH:  0    Dex: 19    Spells: 13 memorised, 1 level left

rFire  . . .     SeeInvis +     y - +0 rapier (drain)
rCold  + . .     Clarity  .     k - +2 robe {rN+}
rNeg   + . .     SustAt   .     (shield restricted)
rPois  +         Gourm    +     f - +0 hat
rElec  .         Spirit   .     l - +0 cloak
rCorr  .         Warding  .     (gloves unavailable)
rMut   .         NoTele   +     (boots unavailable)
MR     ++...                    x - amulet of Starshine {Gourm *Contam rPois Int+5}
Stlth  ++++++++++               R - ring of protection from cold
                                F - ring of flight

@: wreathed by umbra, studying Fighting, very quick, very resistant to hostile
enchantments, uncannily stealthy
A: unfitting armour, see invisible, herbivore 3, speed 3, slow metabolism 2,
weak 1
a: Shadow Step, Shadow Form, Renounce Religion, Evoke Flight
}: 1/10 runes: serpentine


You were in the Dungeon.
You worshipped Dithmenos.
Dithmenos was exalted by your worship.
You were not hungry.

You visited 1 branch You collected 5797 gold pieces.
You spent 825 gold pieces at shops.

Inventory:

Hand weapons
 y - a +0 rapier of draining (weapon)
Armour
 f - a +0 hat (worn)
 k - a +2 robe of positive energy (worn)
 l - a +0 cloak (worn)
 C - a +2 robe of cold resistance
Jewellery
 i - an uncursed ring of poison resistance
 p - the amulet "Xeur" {Stasis rPois}
   (You took it off a deep elf demonologist in the Dungeon)

   [amulet of stasis]

   It prevents you from being teleported, slowed, hasted or paralysed.
   It protects you from poison.
 x - the amulet of Starshine (around neck) {Gourm *Contam rPois Int+5}
   (You found it in the Dungeon)

   [amulet of the gourmand]

   It allows you to eat raw meat even when not hungry.
   It affects your intelligence (+5).
   It protects you from poison.
   It causes magical contamination when unequipped.
 F - a ring of flight (left hand)
 Q - an uncursed amulet of warding
 R - a ring of protection from cold (right hand)
Magical devices
 n - a wand of teleportation (1)
 w - a wand of enslavement (19)
 J - a wand of polymorph (4)
Scrolls
 j - a scroll of blinking
 o - a scroll of fog {unknown}
 r - 4 scrolls of amnesia {unknown}
 t - a scroll of torment {unknown}
 G - a scroll of silence {unknown}
Potions
 b - a potion of ambrosia {unknown}
 c - a potion of cure mutation
 g - 2 potions of haste
 h - a potion of magic
 m - 2 potions of might
 s - 3 potions of flight
 v - a potion of agility
Books
 a - a book of Burglary

   Spells                             Type                      Level
   a - Swiftness                      Charms/Air                   2
   b - Passwall                       Transmutation/Earth          3
   c - Passage of Golubria            Translocation                4
   d - Lee's Rapid Deconstruction     Earth                        5
   e - Darkness                       Hexes                        6
   f - Invisibility                   Hexes                        6
 L - a book of Frost

   Spells                             Type                      Level
   a - Freeze                         Ice                          1
   b - Throw Frost                    Conjuration/Ice              2
   c - Ozocubu's Armour               Charms/Ice                   3
   d - Throw Icicle                   Conjuration/Ice              4
   e - Summon Ice Beast               Ice/Summoning                4
   f - Condensation Shield            Ice                          4
 N - a manual of Fighting
Comestibles
 q - 4 fruits
 u - 26 royal jellies


   Skills:
 + Level 2.7 Fighting
 + Level 13.4 Short Blades
 * Level 22.2 Dodging
 * Level 23.8 Stealth
 * Level 19.2 Spellcasting
 + Level 9.5 Conjurations
 + Level 14.6 Hexes
 + Level 7.0 Necromancy
 + Level 7.8 Translocations
 + Level 10.2 Ice Magic
 + Level 9.2 Air Magic
 - Level 2.5 Invocations


You had one spell level left.
You knew the following spells:

 Your Spells              Type           Power        Failure   Level  Hunger
a - Corona                Hex            #######      0%          1    None
b - Ensorcelled Hibernat  Hex/Ice        ######       1%          2    None
c - Confuse               Hex            #######.     0%          3    None
d - Tukima's Dance        Hex            #######.     0%          3    None
e - Dazzling Spray        Conj/Hex       ######..     1%          3    None
f - Metabolic Englaciati  Hex/Ice        ######....   1%          5    None
g - Bolt of Cold          Conj/Ice       ######....   8%          6    ###....
h - Ozocubu's Refrigerat  Ice            ######....   6%          6    ###....
i - Freezing Cloud        Conj/Ice/Air   ######....   10%         6    ###....
j - Simulacrum            Ice/Necr       ######....   12%         6    ###....
k - Slow                  Hex            #######.     0%          2    None
l - Gell's Gravitas       Hex/Tloc       ######....   1%          3    None
m - Cause Fear            Hex            #######...   1%          4    None


Dungeon Overview and Level Annotations

Branches:
Dungeon (1/1)

Altars:
Cheibriados
Dithmenos
Elyvilon
Fedhas
Gozag
Kikubaaqudgha
Makhleb
Nemelex Xobeh
Okawaru
Qazlal
Ru
Sif Muna
Trog
Vehumet
Xom
Yredelemnul
Zin
The Shining One
Jiyva
Lugonu

Shops:
D }%[([==}=:?:%(!*


Innate Abilities, Weirdness & Mutations

You are tiny and cannot use many weapons and most armour.
You have supernaturally acute eyesight.
You are a herbivore.
You cover ground extremely quickly.
You need consume almost no food.
You are weak. (Str -2)


Message History

Ouch! That really hurt!
* * * LOW HITPOINT WARNING * * *
You emit a cloud of dark smoke.
Unknown command.
Casting: Freezing Cloud
Confirm with . or Enter, or press ? or * to list all spells.
Aiming: Dazzling Spray
Press: ? - help, Shift-Dir - straight line, f - you
Okay, then.
Unknown command.
Unknown command.
Drink which item? (? for menu, Esc to quit)
Okay, then.
Eat which item? (? for menu, Esc to quit)
Mmm - a full handful of almonds!
Drink which item? (? for menu, Esc to quit)
You feel better.
You see here a mutagenic chunk of flesh.
The yaktaur captain shoots a bolt.
The bolt hits you!!
You die...

##+###+##..#..PcP§#
##.......+..#...PP.#
.#.#####.####%..§..#
.'.#)..+.#%.#......#
.#######.+..#...c..#
##.. ..#.####......#
.#..#..#.#..#.§§...#
.#.#)#.#.'..#..§§§§#
.#....)#.#..#.§§@§§#
.#)....#.#..'.§§§§§#
.#.#)#.+.#..#..§§§§#
##..#..#.#..#..§§§§#
.#)....###########+#
.####### .# .# .#


You could see a yaktaur captain.

Vanquished Creatures
  Rupert (D)
  Frances (D)
  A deep elf master archer (D)
  Gastronok (D)
  A greater naga (D)
  Maud (D)
  Wiglaf (D)
  3 deep elf demonologists (D)
  2 dire elephants (D)
  Snorg (D)
  A fire dragon (D)
  2 deep elf high priests (D)
  2 hydras (D)
  A naga warrior (D)
  3 anacondas (D)
  2 centaur warriors (D)
  4 death yaks (D)
  4 dancing weapons (D)
  A shock serpent (shapeshifter) (D)
  2 death drakes (D)
  2 deep elf knights (D)
  An unseen horror (D)
  A spriggan druid (D)
  A deep troll (shapeshifter) (D)
  A lindwurm (D)
  3 ugly things (D)
  3 deep elf conjurers (D)
  2 elephants (D)
  8 black mambas (D)
  A guardian serpent (D)
  An orange crystal statue (D)
  2 spiny frogs (D)
  A komodo dragon (D)
  A fire drake (D)
  3 wandering mushrooms (D)
  2 deep elf priests (D)
  5 slime creatures (D)
  4 spriggan defenders (D)
  A queen bee (D)
  3 orc high priests (D)
  8 blink frogs (D)
  2 spriggans (D)
  A shadow (D)
  3 redbacks (D)
  A spatial vortex (D)
  2 nagas (D)
  6 water moccasins (D)
  2 orc warriors (D)
  2 centaurs (D)
  A necrophage (D)
  A swamp drake (D)
  An earth elemental (D)
  2 brain worms (D)
  A water elemental (D)
  32 killer bees (D)
  An electric eel (D)
  A jelly (D)
  An orc wizard (D)
  A wizard (D)
  Crazy Yiuf (D)
  3 orc priests (D)
  Jessica (D)
  A necromancer (D)
  3 humans (D)
  A kobold demonologist (D)
  An adder (D)
  An ooze (D)
  12 orcs (D)
  2 rats (D)
  11 plants (D)
187 creatures vanquished.

Vanquished Creatures (collateral kills)
  An orc priest (D)
1 creature vanquished.

Vanquished Creatures (others)
  2 draconian scorchers (D)
  A dancing weapon (D)
  3 yaktaurs (D)
  A bush (D)
  4 plants (D)
11 creatures vanquished.

Grand Total: 199 creatures vanquished

Notes
Turn   | Place    | Note
--------------------------------------------------------------
     0 | D        | Kidiri the Spriggan Enchanter began the quest for the Orb.
     0 | D        | Reached XP level 1. HP: 9/9 MP: 5/5
    18 | D        | Reached skill level 5 in Stealth
    36 | D        | Killed a yaktaur
   180 | D        | Killed a white draconian scorcher
   198 | D        | Noticed Jessica
   203 | D        | Killed Jessica
   203 | D        | Reached skill level 5 in Dodging
   203 | D        | Reached skill level 6 in Stealth
   203 | D        | Reached XP level 2. HP: 13/13 MP: 5/8
   203 | D        | Reached XP level 3. HP: 16/16 MP: 6/10
   207 | D        | Learned a level 2 spell: Ensorcelled Hibernation
   208 | D        | Killed a white draconian scorcher
   211 | D        | Learned a level 3 spell: Confuse
   215 | D        | Learned a level 3 spell: Tukima's Dance
   243 | D        | Noticed Crazy Yiuf
   246 | D        | Killed Crazy Yiuf
   246 | D        | Reached skill level 7 in Stealth
   246 | D        | Reached skill level 5 in Spellcasting
   253 | D        | Reached skill level 1 in Ice Magic
   253 | D        | Reached XP level 4. HP: 21/21 MP: 2/12
   283 | D        | Gained mutation: You are covered in fur (AC +1). [potion of mutation]
   283 | D        | Gained mutation: You expend magic power (3 MP) to strengthen your wands. [potion of mutation]
   283 | D        | Gained mutation: You are weak. (Str -2) [potion of mutation]
   284 | D        | Gained mutation: Your mind is acute. (Int +2) [potion of mutation]
   284 | D        | Lost mutation: You are covered in fur (AC +1). [potion of mutation]
   284 | D        | Gained mutation: You are clumsy. (Dex -2) [potion of mutation]
   285 | D        | Lost mutation: You expend magic power (3 MP) to strengthen your wands. [potion of cure mutation]
   285 | D        | Lost mutation: You are clumsy. (Dex -2) [potion of cure mutation]
   285 | D        | Lost mutation: Your mind is acute. (Int +2) [potion of cure mutation]
   336 | D        | Learned a level 3 spell: Dazzling Spray
   346 | D        | Noticed a water elemental
   370 | D        | Killed a water elemental
   370 | D        | Reached skill level 8 in Stealth
   370 | D        | Reached skill level 1 in Conjurations
   370 | D        | Reached skill level 5 in Hexes
   467 | D        | Noticed a jelly
   468 | D        | Noticed a shadow
   513 | D        | Killed a shadow
   513 | D        | Reached skill level 9 in Dodging
   513 | D        | Reached skill level 10 in Stealth
   513 | D        | Reached XP level 5. HP: 10/24 MP: 4/16
   513 | D        | Reached XP level 6. HP: 11/28 MP: 4/17
   588 | D        | Killed a yaktaur
   773 | D        | Killed a jelly
   777 | D        | Found a stormy altar of Qazlal.
   777 | D        | Found a sacrificial altar of Ru.
   777 | D        | Found a burning altar of Makhleb.
   777 | D        | Found a shimmering altar of Xom.
   778 | D        | Found a viscous altar of Jiyva.
   778 | D        | Found a shadowy altar of Dithmenos.
   778 | D        | Found a sparkling altar of Nemelex Xobeh.
   778 | D        | Found a corrupted altar of Lugonu.
   778 | D        | Found an opulent altar of Gozag.
   778 | D        | Noticed a spatial vortex
   785 | D        | Became a worshipper of Dithmenos the Shadowed
   796 | D        | Killed a spatial vortex
   796 | D        | Reached skill level 5 in Short Blades
   796 | D        | Reached skill level 11 in Stealth
   796 | D        | Reached skill level 1 in Invocations
   915 | D        | Found a radiant altar of Vehumet.
   916 | D        | Found a deep blue altar of Sif Muna.
   916 | D        | Found an ancient bone altar of Kikubaaqudgha.
   916 | D        | Noticed a wizard
   917 | D        | Killed a wizard
   917 | D        | Reached skill level 10 in Dodging
   940 | D        | Learned a level 5 spell: Metabolic Englaciation
   945 | D        | Found a glowing silver altar of Zin.
   946 | D        | Found a glowing golden altar of the Shining One.
   946 | D        | Found a white marble altar of Elyvilon.
   946 | D        | Noticed a deep elf priest
   948 | D        | Killed a deep elf priest
   948 | D        | Reached skill level 12 in Stealth
   948 | D        | Reached XP level 7. HP: 32/32 MP: 18/20
   958 | D        | Learned a level 6 spell: Bolt of Cold
   968 | D        | Found an iron altar of Okawaru.
   969 | D        | Found a bloodstained altar of Trog.
   969 | D        | Noticed a human
   969 | D        | Noticed a human
   971 | D        | Killed a human
   972 | D        | Killed a human
   987 | D        | Found a snail-covered altar of Cheibriados.
   987 | D        | Noticed a necrophage
   988 | D        | Found a basalt altar of Yredelemnul.
   988 | D        | Found a blossoming altar of Fedhas.
   988 | D        | Noticed a necromancer
   989 | D        | Killed a necrophage
   989 | D        | Acquired Dithmenos's first power
   989 | D        | Reached XP level 8. HP: 36/36 MP: 22/22
   990 | D        | Killed a necromancer
   990 | D        | Reached skill level 10 in Spellcasting
  1011 | D        | Noticed Snorg
  1031 | D        | Killed Snorg
  1031 | D        | Reached skill level 14 in Stealth
  1039 | D        | Learned a level 6 spell: Ozocubu's Refrigeration
  1108 | D        | Noticed an earth elemental
  1157 | D        | Killed an earth elemental
  1157 | D        | Reached XP level 9. HP: 39/39 MP: 2/25
  1286 | D        | Noticed a centaur
  1286 | D        | Noticed a centaur warrior
  1286 | D        | Noticed a centaur
  1288 | D        | Killed a centaur
  1288 | D        | Acquired Dithmenos's second power
  1290 | D        | Killed a centaur warrior
  1290 | D        | Reached skill level 15 in Stealth
  1290 | D        | Reached skill level 5 in Ice Magic
  1291 | D        | Killed a centaur
  1312 | D        | Noticed an unseen horror
  1314 | D        | Killed an unseen horror
  1314 | D        | Reached skill level 5 in Conjurations
  1324 | D        | Noticed a killer bee
  1324 | D        | Noticed a killer bee
  1324 | D        | Noticed a killer bee
  1324 | D        | Noticed a killer bee
  1324 | D        | Noticed a queen bee
  1324 | D        | Noticed a killer bee
  1324 | D        | Noticed a killer bee
  1324 | D        | Noticed a killer bee
  1324 | D        | Noticed a killer bee
  1324 | D        | Noticed a killer bee
  1324 | D        | Noticed a killer bee
  1324 | D        | Noticed a killer bee
  1324 | D        | Noticed a killer bee
  1324 | D        | Noticed a killer bee
  1324 | D        | Noticed a killer bee
  1326 | D        | Noticed a killer bee
  1326 | D        | Noticed a killer bee
  1326 | D        | Noticed a killer bee
  1326 | D        | Killed a killer bee
  1327 | D        | Noticed a killer bee
  1327 | D        | Noticed a killer bee
  1327 | D        | Noticed a killer bee
  1329 | D        | Noticed a killer bee
  1330 | D        | Noticed a killer bee
  1330 | D        | Killed a killer bee
  1330 | D        | Acquired Dithmenos's third power
  1332 | D        | Noticed a killer bee
  1333 | D        | Noticed a killer bee
  1334 | D        | Noticed a killer bee
  1334 | D        | Noticed a killer bee
  1335 | D        | Noticed a killer bee
  1335 | D        | Noticed a killer bee
  1335 | D        | Killed a killer bee
  1337 | D        | Noticed a killer bee
  1337 | D        | Noticed a killer bee
  1337 | D        | Killed a killer bee
  1339 | D        | Killed a killer bee
  1341 | D        | Killed a killer bee
  1342 | D        | Noticed a killer bee
  1343 | D        | Killed a queen bee
  1343 | D        | Reached skill level 16 in Stealth
  1345 | D        | Noticed a killer bee
  1347 | D        | Killed a killer bee
  1503 | D        | Killed a yaktaur
  1512 | D        | Killed a killer bee
  1512 | D        | Acquired Dithmenos's fourth power
  1512 | D        | Reached XP level 10. HP: 44/44 MP: 27/27
  1514 | D        | Killed a killer bee
  1518 | D        | Killed a killer bee
  1522 | D        | Killed a killer bee
  1524 | D        | Killed a killer bee
  1526 | D        | Killed a killer bee
  1529 | D        | Killed a killer bee
  1531 | D        | Killed a killer bee
  1533 | D        | Killed a killer bee
  1536 | D        | Killed a killer bee
  1683 | D        | Killed a killer bee
  1685 | D        | Killed a killer bee
  1687 | D        | Killed a killer bee
  1689 | D        | Killed a killer bee
  1691 | D        | Killed a killer bee
  1691 | D        | Reached skill level 10 in Hexes
  1693 | D        | Killed a killer bee
  1697 | D        | Killed a killer bee
  1699 | D        | Killed a killer bee
  1699 | D        | Reached skill level 15 in Dodging
  1701 | D        | Killed a killer bee
  1704 | D        | Killed a killer bee
  1706 | D        | Killed a killer bee
  1708 | D        | Killed a killer bee
  1749 | D        | Learned a level 6 spell: Freezing Cloud
  1939 | D        | Killed a killer bee
  1941 | D        | Killed a killer bee
  1948 | D        | Killed a killer bee
  2024 | D        | Noticed a wandering mushroom
  2025 | D        | Noticed a wandering mushroom
  2025 | D        | Noticed a wandering mushroom
  2026 | D        | Killed a wandering mushroom
  2028 | D        | Killed a wandering mushroom
  2028 | D        | Reached skill level 1 in Air Magic
  2029 | D        | Killed a wandering mushroom
  2035 | D        | Noticed a spiny frog
  2035 | D        | Noticed a komodo dragon
  2035 | D        | Noticed a spiny frog
  2039 | D        | Killed a spiny frog
  2039 | D        | Reached skill level 17 in Stealth
  2042 | D        | Killed a komodo dragon
  2043 | D        | Killed a spiny frog
  2047 | D        | Noticed a redback
  2049 | D        | Killed a redback
  2050 | D        | Noticed a brain worm
  2053 | D        | Killed a brain worm
  2075 | D        | Noticed a brain worm
  2077 | D        | Killed a brain worm
  2083 | D        | Noticed a lindwurm
  2085 | D        | Noticed a redback
  2086 | D        | Killed a lindwurm
  2089 | D        | Killed a redback
  2094 | D        | Noticed a redback
  2095 | D        | Killed a redback
  2096 | D        | Noticed Maud
  2098 | D        | Killed Maud
  2098 | D        | Reached skill level 18 in Stealth
  2098 | D        | Reached XP level 11. HP: 47/47 MP: 30/30
  2101 | D        | Noticed an electric eel
  2102 | D        | Noticed an eight-headed hydra
  2102 | D        | Noticed a six-headed hydra
  2116 | D        | Killed a six-headed hydra
  2116 | D        | Reached skill level 10 in Short Blades
  2119 | D        | Killed an eight-headed hydra
  2127 | D        | Killed an electric eel
  2213 | D        | Noticed a death drake
  2216 | D        | Killed a death drake
  2239 | D        | Found a blossoming altar of Fedhas.
  2239 | D        | Noticed a spriggan
  2239 | D        | Noticed a spriggan druid
  2239 | D        | Noticed a spriggan
  2241 | D        | Killed a spriggan druid
  2241 | D        | Reached skill level 15 in Spellcasting
  2242 | D        | Killed a spriggan
  2243 | D        | Killed a spriggan
  2276 | D        | Noticed a death drake
  2278 | D        | Killed a death drake
  2278 | D        | Reached skill level 19 in Stealth
  2322 | D        | Noticed a swamp drake
  2322 | D        | Noticed a fire drake
  2323 | D        | Killed a fire drake
  2325 | D        | Killed a swamp drake
  2339 | D        | Noticed a blink frog
  2339 | D        | Noticed a blink frog
  2339 | D        | Noticed a blink frog
  2340 | D        | Noticed a blink frog
  2341 | D        | Noticed a blink frog
  2342 | D        | Killed a blink frog
  2348 | D        | Killed a blink frog
  2350 | D        | Killed a blink frog
  2352 | D        | Killed a blink frog
  2354 | D        | Killed a blink frog
  2494 | D        | Noticed Rupert
  2496 | D        | Killed Rupert
  2496 | D        | Reached skill level 5 in Air Magic
  2496 | D        | Reached XP level 12. HP: 51/51 MP: 27/32
  2524 | D        | Learned a level 6 spell: Simulacrum
  2690 | D        | Noticed a death yak
  2691 | D        | Noticed a death yak
  2691 | D        | Noticed a blink frog
  2692 | D        | Noticed an azure jelly
  2692 | D        | Noticed a death yak
  2692 | D        | Noticed an azure jelly
  2692 | D        | Noticed a blink frog
  2692 | D        | Noticed a death yak
  2693 | D        | Killed a death yak
  2694 | D        | Killed a blink frog
  2694 | D        | Reached skill level 1 in Necromancy
  2695 | D        | Killed a death yak
  2695 | D        | Reached skill level 20 in Stealth
  2696 | D        | Noticed a blink frog
  2696 | D        | Noticed a black mamba
  2698 | D        | Killed a death yak
  2699 | D        | Killed a blink frog
  2700 | D        | Noticed a black mamba
  2711 | D        | Killed a death yak
  2714 | D        | Killed a blink frog
  2732 | D        | Killed a black mamba
  2741 | D        | Killed a black mamba
  2796 | D        | Noticed a water moccasin
  2797 | D        | Noticed a water moccasin
  2797 | D        | Noticed a water moccasin
  2797 | D        | Noticed a water moccasin
  2797 | D        | Noticed a black mamba
  2799 | D        | Killed a water moccasin
  2800 | D        | Killed a water moccasin
  2801 | D        | Noticed a black mamba
  2803 | D        | Killed a water moccasin
  2805 | D        | Killed a water moccasin
  2807 | D        | Killed a black mamba
  2811 | D        | Killed a black mamba
  2898 | D        | Noticed a water moccasin
  2898 | D        | Noticed a black mamba
  2898 | D        | Noticed an anaconda
  2898 | D        | Noticed a black mamba
  2900 | D        | Killed a black mamba
  2908 | D        | Killed an anaconda
  2910 | D        | Killed a black mamba
  2913 | D        | Killed a water moccasin
  2949 | D        | Learned a level 2 spell: Slow
  2955 | D        | Noticed a water moccasin
  2955 | D        | Noticed an anaconda
  2955 | D        | Noticed a black mamba
  2955 | D        | Noticed a black mamba
  2955 | D        | Noticed an anaconda
  2957 | D        | Killed a black mamba
  2958 | D        | Killed a water moccasin
  2960 | D        | Killed an anaconda
  2961 | D        | Killed an anaconda
  2963 | D        | Killed a black mamba
  2963 | D        | Reached skill level 21 in Stealth
  2981 | D        | Noticed a naga
  2981 | D        | Noticed a naga
  2982 | D        | Noticed a naga warrior
  2982 | D        | Noticed a greater naga
  2982 | D        | Found Hyir's Gadget Boutique.
  2982 | D        | Found Dosit's Food Emporium.
  2982 | D        | Found Eled's Antique Armour Shop.
  2983 | D        | Killed a naga
  3172 | D        | Killed a naga
  3503 | D        | Killed a greater naga
  3658 | D        | Killed a naga warrior
  3735 | D        | Noticed a guardian serpent
  3737 | D        | Killed a guardian serpent
  3739 | D        | Got a serpentine rune of Zot
  3819 | D        | Noticed an azure jelly
  3819 | D        | Noticed an azure jelly
  3820 | D        | Noticed an elephant
  3820 | D        | Noticed an elephant
  3820 | D        | Noticed a dire elephant
  3820 | D        | Noticed a dire elephant
  3820 | D        | Noticed Gastronok
  3822 | D        | Killed Gastronok
  3822 | D        | Reached XP level 13. HP: 55/55 MP: 35/35
  3823 | D        | Killed a dire elephant
  3825 | D        | Killed a dire elephant
  3829 | D        | Killed an elephant
  3831 | D        | Killed an elephant
  3882 | D        | Learned a level 3 spell: Gell's Gravitas
  3907 | D        | Noticed Wiglaf
  3907 | D        | Noticed Frances
  3917 | D        | Killed Wiglaf
  3917 | D        | Reached skill level 22 in Stealth
  3917 | D        | Reached skill level 5 in Necromancy
  3917 | D        | Reached skill level 1 in Translocations
  3920 | D        | Killed Frances
  4184 | D        | Noticed an orc warrior
  4185 | D        | Noticed an orc warrior
  4186 | D        | Noticed an orc wizard
  4186 | D        | Noticed an orc priest
  4186 | D        | Noticed an orc priest
  4186 | D        | Noticed an orc priest
  4186 | D        | Found Tebbazus's Weapon Shop.
  4193 | D        | Killed an orc warrior
  4194 | D        | Killed an orc priest
  4198 | D        | Killed an orc warrior
  4199 | D        | Killed an orc priest
  4207 | D        | Killed an orc priest
  4222 | D        | Killed an orc wizard
  4459 | D        | Noticed a deep elf knight
  4459 | D        | Noticed a deep elf priest
  4459 | D        | Noticed a deep elf knight
  4459 | D        | Noticed a deep elf conjurer
  4459 | D        | Noticed a deep elf conjurer
  4466 | D        | Killed a deep elf priest
  4466 | D        | Killed a deep elf knight
  4467 | D        | Killed a deep elf conjurer
  4470 | D        | Killed a deep elf conjurer
  4471 | D        | Killed a deep elf knight
  4642 | D        | Noticed a deep elf high priest
  4646 | D        | Noticed a deep elf conjurer
  4654 | D        | Killed a deep elf high priest
  4728 | D        | Noticed a deep elf demonologist
  4733 | D        | Noticed a deep elf high priest
  4743 | D        | Noticed a deep elf demonologist
  4743 | D        | Noticed a deep elf demonologist
  4745 | D        | Killed a deep elf high priest
  4747 | D        | Noticed a balrug
  4950 | D        | Noticed a deep elf master archer
  4959 | D        | Killed a deep elf master archer
  4959 | D        | Reached skill level 5 in Translocations
  5040 | D        | Killed a deep elf demonologist
  5060 | D        | Killed a deep elf conjurer
  5136 | D        | Killed a deep elf demonologist
  5136 | D        | Reached skill level 23 in Stealth
  5140 | D        | Killed a deep elf demonologist
  5307 | D        | Got a vibrating bone amulet
  5323 | D        | Identified the Tome of Good Luck
  5381 | D        | Identified the amulet "Xeur" {Stasis rPois} (You took it off a deep elf demonologist in the Dungeon)
  5526 | D        | Noticed an orc high priest
  5526 | D        | Noticed an orc priest
  5527 | D        | Noticed an orc high priest
  5527 | D        | Noticed an orc high priest
  5528 | D        | Killed an orc priest
  5533 | D        | Killed an orc high priest
  5537 | D        | Killed an orc high priest
  5548 | D        | Killed an orc high priest
  5696 | D        | Noticed an orange crystal statue
  5700 | D        | Noticed a spriggan defender
  5701 | D        | Noticed a spriggan defender
  5701 | D        | Noticed a spriggan defender
  5701 | D        | Noticed a spriggan defender
  5702 | D        | Killed a spriggan defender
  5703 | D        | Killed a spriggan defender
  5705 | D        | Killed a spriggan defender
  5706 | D        | Killed a spriggan defender
  5824 | D        | Noticed a white ugly thing
  5827 | D        | Killed a white ugly thing
  5837 | D        | Got a fine ruby amulet
  5839 | D        | Identified the amulet of Starshine {Gourm *Contam rPois Int+5} (You found it in the Dungeon)
  5861 | D        | Noticed a centaur warrior
  5865 | D        | Killed a centaur warrior
  5873 | D        | Noticed a fire dragon
  5875 | D        | Killed a fire dragon
  5875 | D        | Reached skill level 10 in Ice Magic
  5887 | D        | Noticed a slime creature
  5889 | D        | Killed a slime creature
  5889 | D        | Reached XP level 14. HP: 59/59 MP: 37/37
  5899 | D        | Learned a level 4 spell: Cause Fear
  5909 | D        | Noticed a war axe of flaming
  5909 | D        | Noticed an antimagic trident
  6096 | D        | Killed an orange crystal statue
  6188 | D        | Found Hiabeat's Book Emporium.
  6188 | D        | Found Xucath's Book Shop.
  6188 | D        | Found Byrumosy's Gadget Boutique.
  6188 | D        | Found Fis Sie's Assorted Antiques.
  6188 | D        | Found Boant's Jewellery Boutique.
  6188 | D        | Found Zyra's Magic Scroll Emporium.
  6188 | D        | Found Fuxuph's Jewellery Shoppe.
  6188 | D        | Found Wenkead's Distillery.
  6188 | D        | Found Zonoicac's Jewellery Shop.
  6188 | D        | Found Jiempeb's Antique Weapon Emporium.
  6188 | D        | Found Ryrishrus's Antique Armour Emporium.
  6188 | D        | Found Uriec's Food Boutique.
  6295 | D        | Noticed a battleaxe of electrocution
  6296 | D        | Noticed a dire flail of venom
  6297 | D        | Killed a battleaxe of electrocution
  6299 | D        | Killed a dire flail of venom
  6299 | D        | Reached skill level 1 in Fighting
  6301 | D        | Killed a war axe of flaming
  6303 | D        | Killed an antimagic trident
  6372 | D        | Bought a book of Burglary for 825 gold pieces
  6446 | D        | Noticed a shock serpent
  6446 | D        | Noticed a purple ugly thing
  6447 | D        | Noticed a deep troll
  6447 | D        | Noticed a slime creature
  6447 | D        | Noticed a slime creature
  6447 | D        | Noticed a slime creature
  6447 | D        | Noticed a slime creature
  6448 | D        | Killed a shock serpent
  6450 | D        | Killed a purple ugly thing
  6452 | D        | Killed a slime creature
  6453 | D        | Killed a slime creature
  6626 | D        | Noticed a white ugly thing
  6626 | D        | Noticed a yaktaur captain
  6627 | D        | Killed a deep troll
  6628 | D        | Killed a slime creature
  6631 | D        | Killed a white ugly thing
  6635 | D        | Killed a slime creature
  6697 | D        | Shot with a bolt by a yaktaur captain

Vault maps used:
D:        dungeon_sprint_mu

Action                   |  1- 3 |  4- 6 |  7- 9 | 10-12 | 13-15 || total
-------------------------+-------+-------+-------+-------+-------++-------
Melee: Dagger            |    14 |    31 |    38 |   110 |   142 ||   335
       Rapier            |       |       |       |       |     8 ||     8
 Cast: Ensorcelled Hiber |     4 |       |    14 |    50 |     5 ||    73
       Dazzling Spray    |       |    16 |    11 |    19 |    59 ||   105
       Confuse           |       |       |     1 |       |       ||     1
       Tukima's Dance    |       |       |       |     4 |     1 ||     5
       Ozocubu's Refrige |       |       |       |     1 |       ||     1
       Freezing Cloud    |       |       |       |       |     7 ||     7
       Bolt of Cold      |       |       |       |       |     1 ||     1
Invok: Shadow Step       |       |       |       |    10 |     7 ||    17
 Abil: Evoke Flight      |       |       |       |       |     2 ||     2
  Use: Potion            |       |     5 |     2 |       |     1 ||     8
       Scroll            |       |     3 |       |       |       ||     3
 Stab: Sleeping          |     5 |     4 |    18 |    80 |    27 ||   134
       Confused          |       |       |     1 |       |       ||     1
       Invisible         |       |       |       |     1 |     4 ||     5
  Eat: Bread ration      |       |       |     1 |       |       ||     1
       Fruit             |       |       |       |       |     8 ||     8
